AoeStats
← Shoggi

Lombardia

509696775Analyzed
4v4 RM · 4d ago on Sep 27, 2026· 63m 28s· 8 players
Game mode
Random Map
Map size
Large (8 player)
Population
200
Speed
Normal
Resources
Standard
Victory
Conquest
Starting age
Dark Age
Ending age
Imperial Age
RankedLock teamsTeams togetherTeam positionsShared explorationLock speedFull tech treeHidden civsTurbo modeCheats
Victory
Defeat
🇨🇭 Tatars · Switzerland
1520
+9
🇨🇭 Italians · Switzerland
1448
+12
🇨🇭 Chinese · Switzerland
1226
+21
🇨🇭 Mongols · Switzerland
1190
+21
🇩🇪 Maya · Germany
1393
-18
🇩🇪 Shu · Germany
1341
-16
🇷🇴 Bengalis · Romania
1322
-15
🇩🇪 Hindustanis · Germany
1307
-14
Shoggi
6:19 Loom
9:15 Feudal Age
10:09 Double-Bit Axe
12:55 Fletching
22:59 Castle Age
22:08 Padded Archer Armor
21:59 Gold Mining
21:50 Horse Collar
23:38 Bodkin Arrow
23:13 Crossbowman
29:16 Ballistics
34:46 Imperial Age
34:48 Wheelbarrow
34:25 Bow Saw
34:47 Leather Archer Armor
35:19 Thumb Ring
35:49 Bracer
37:44 Chemistry
37:01 Arbalester
38:55 Heavy Plow
42:03 Town Watch
42:36 Hand Cart
42:26 Stone Mining
44:37 Conscription
47:10 Elite Genoese Crossbowman
49:40 Hoardings
49:18 Masonry
49:05 Murder Holes
50:39 Caravan
51:06 Silk Road
54:27 Two-Man Saw
64:10 Architecture
Meynar
6:17 Loom
9:19 Feudal Age
10:24 Double-Bit Axe
10:20 Horse Collar
19:52 Castle Age
18:08 Forging
18:24 Gold Mining
19:01 Scale Barding Armor
19:53 Bloodlines
22:06 Wheelbarrow
24:05 Chain Barding Armor
25:23 Husbandry
30:46 Hand Cart
31:19 Devotion
33:55 Iron Casting
33:59 Bow Saw
37:14 Imperial Age
35:32 Heavy Plow
38:48 Plate Barding Armor
40:16 Blast Furnace
39:26 Elite Keshik
41:45 Conscription
44:45 Silk Armor
47:09 Fletching
47:20 Padded Archer Armor
49:03 Bodkin Arrow
49:23 Leather Archer Armor
48:41 Heavy Cavalry Archer
49:47 Bracer
51:18 Ring Archer Armor
52:18 Chemistry
51:55 Light Cavalry
53:13 Gold Shaft Mining
52:28 Stone Mining
53:38 Ballistics
54:15 Crop Rotation
59:10 Hussar
Zuff
6:30 Loom
9:10 Feudal Age
22:55 Castle Age
22:44 Bloodlines
22:47 Forging
22:45 Fletching
23:31 Padded Archer Armor
23:36 Double-Bit Axe
24:45 Wheelbarrow
23:53 Horse Collar
24:46 Stone Mining
25:23 Gold Mining
26:13 Bow Saw
26:04 Bodkin Arrow
28:01 Town Watch
32:34 Hand Cart
32:39 Heavy Plow
33:15 Town Patrol
38:58 Imperial Age
36:45 Forging
36:41 Scale Barding Armor
38:50 Iron Casting
38:36 Chain Barding Armor
38:46 Husbandry
38:07 Light Cavalry
40:09 Conscription
41:35 Blast Furnace
41:41 Bracer
41:36 Hussar
43:15 Coinage
54:04 Heavy Camel Rider
55:21 Caravan
55:52 Banking
56:20 Hoardings
57:41 Ballistics
57:17 Murder Holes
58:23 Chemistry
Damzleboss
0:36 Loom
9:29 Feudal Age
15:10 Fletching
23:52 Castle Age
23:14 Wheelbarrow
22:58 Double-Bit Axe
23:55 Padded Archer Armor
24:27 Crossbowman
27:03 Ballistics
27:28 Leather Archer Armor
27:14 Bodkin Arrow
28:10 Hand Cart
28:12 Bow Saw
29:17 Thumb Ring
31:03 Leather Archer Armor
35:35 Gold Mining
35:31 Horse Collar
40:35 Imperial Age
41:53 Heavy Plow
42:52 Conscription
44:41 Stone Mining
45:03 Bracer
47:29 Chemistry
46:53 Elite Chu Ko Nu
48:55 Fortified Wall
52:14 Ring Archer Armor
54:32 Caravan
55:03 Coinage
58:14 Banking
danntheman
8:44 Loom
10:35 Feudal Age
12:31 Town Watch
14:56 Castle Age
15:24 Scale Barding Armor
15:11 Double-Bit Axe
22:47 Wheelbarrow
22:39 Horse Collar
25:05 Forging
25:48 Bow Saw
26:17 Chain Barding Armor
26:22 Heavy Plow
28:31 Hand Cart
30:25 Gold Mining
31:05 Stone Mining
32:59 Husbandry
36:16 Imperial Age
34:50 Ballistics
35:37 Fletching
36:21 Scale Mail Armor
36:17 Bodkin Arrow
37:18 Thumb Ring
37:08 Elite Skirmisher
38:54 Padded Archer Armor
39:23 Bracer
40:29 Leather Archer Armor
41:02 Chain Mail Armor
41:44 Ring Archer Armor
42:14 Gold Shaft Mining
41:21 Treadmill Crane
42:31 Conscription
44:25 Plate Mail Armor
52:19 Caravan
53:03 Elite White Feather Guard
53:10 Crossbowman
55:25 Chemistry
54:35 Arbalester
60:51 Coiled Serpent Array
63:55 Two-Man Saw
DimitryKz
10:01 Feudal Age
14:14 Castle Age
13:03 Double-Bit Axe
13:01 Horse Collar
16:42 Loom
17:31 Fletching
24:19 Bow Saw
25:27 Wheelbarrow
28:12 Hand Cart
28:19 Gold Mining
30:31 Town Watch
31:54 Bodkin Arrow
33:06 Scale Mail Armor
33:16 Forging
33:59 Gold Shaft Mining
33:19 Stone Mining
34:11 Heavy Plow
36:35 Chain Mail Armor
36:55 Iron Casting
36:24 Squires
36:09 Arson
39:53 Imperial Age
37:55 Town Patrol
40:01 Scale Barding Armor
41:43 Blast Furnace
41:08 Conscription
40:11 Elite Ghulam
43:11 Two-Man Saw
43:08 Bloodlines
42:58 Husbandry
42:19 Light Cavalry
42:20 Heavy Camel Rider
43:48 Chain Barding Armor
43:29 Bracer
43:56 Hussar
47:02 Stone Shaft Mining
46:27 Imperial Camel Rider
51:32 Hoardings
51:01 Grand Trunk Road
54:59 Plate Barding Armor
57:33 Chemistry
56:54 Ballistics
56:48 Masonry
61:07 Elite Skirmisher
61:52 Thumb Ring
63:05 Padded Archer Armor
w h i z.
0:29 Loom
9:13 Feudal Age
10:09 Double-Bit Axe
13:55 Fletching
21:18 Wheelbarrow
26:49 Castle Age
25:59 Padded Archer Armor
27:43 Bodkin Arrow
28:05 Bow Saw
28:19 Thumb Ring
28:58 Ballistics
29:06 Horse Collar
30:35 Thumb Ring
30:32 Town Watch
31:20 Leather Archer Armor
43:39 Imperial Age
47:15 Imperial Age
53:13 Heavy Plow
55:49 Caravan
56:24 Elite Skirmisher
58:09 Bracer
59:13 Hand Cart
64:25 Chemistry
𝖋𝖔𝖈𝖆
12:34 Feudal Age
18:39 Castle Age
18:49 Loom
20:52 Wheelbarrow
20:40 Double-Bit Axe
20:36 Horse Collar
27:33 Fletching
29:25 Bow Saw
29:59 Bodkin Arrow
31:06 Stone Mining
31:07 Gold Mining
33:13 Gold Shaft Mining
35:30 Imperial Age
33:25 Padded Archer Armor
33:27 Heavy Plow
34:36 Leather Archer Armor
35:11 Hand Cart
36:48 Elite Skirmisher
37:07 Elite Elephant Archer
38:39 Bracer
39:10 Ring Archer Armor
38:23 Crossbowman
42:24 Conscription
43:23 Chemistry
55:32 Squires
55:17 Arson
55:17 Gambesons
60:43 Two-Man Saw
60:14 Crop Rotation
Connection lost

Rejoining the realm…

Still unreachable

The connection could not be restored.

Session expired

The server has moved on; the page needs a fresh start.